 Dungeon Crawl Stone Soup version 0.26.1-10-gdfb7c7de75 (webtiles) character file.

Game seed: 12998688444326664151

52 goldendragon the Ruffian (level 3, -1/36 HPs)
             Began as a Troll Monk on Apr 9, 2021.
             Slain by a goblin (2 damage)
             ... led by Robin
             ... on level 2 of the Dungeon.
             The game lasted 00:11:32 (1527 turns).

goldendragon the Ruffian (Troll Monk)               Turns: 1527, Time: 00:11:33

Health: -1/36      AC:  6    Str: 19    XL:     3   Next: 60%
Magic:  2/2        EV: 11    Int:  6    God:
Gold:   154        SH:  0    Dex: 13    Spells: 2/2 levels left

rFire    + . .     SeeInvis .     - Unarmed
rCold    x . .     Faith    .   (no shield)
rNeg     . . .     Spirit   .   a - +0 robe
rPois    .         Reflect  .   (helmet restricted)
rElec    .         Harm     .   (no cloak)
rCorr    .         Rampage  .   (gloves unavailable)
Will     .....                  (boots unavailable)
Stlth    ++........             d - amulet of inaccuracy (curse)
HPRegen  0.52/turn              g - ring of fire
MPRegen  0.08/turn              (no ring)

@: no status effects
A: large, unfitting armour, claws 3, regeneration 1, shaggy fur 1, tough skin 3
a: no special abilities


You were on level 2 of the Dungeon.
You visited 1 branch of the dungeon, and saw 2 of its levels.

You collected 154 gold pieces.

Inventory:

Armour
 a - a +0 robe (worn)
 e - a +0 ring mail
Jewellery
 d - a cursed amulet of inaccuracy (around neck)
 g - a ring of fire (left claw)
Scrolls
 b - 2 scrolls of identify
 c - a scroll of remove curse {unknown}
 h - a scroll of teleportation {unknown}
 j - a scroll of fear {unknown}
 l - a scroll of enchant armour {unknown}
Potions
 f - a potion of curing {unknown}
 i - a potion of ambrosia {unknown}
 k - 2 potions of heal wounds {unknown}


   Skills:
 + Level 2.7 Fighting
 + Level 2.9 Dodging
 + Level 1.2 Stealth
 + Level 3.6 Unarmed Combat


You had 2 spell levels left.
You didn't know any spells.
Your spell library was empty.

Dungeon Overview and Level Annotations

Branches:
Dungeon (2/15)

Altars:
Kikubaaqudgha
Nemelex Xobeh

Annotations:
D:2 Robin


Innate Abilities, Weirdness & Mutations

You are too large for most types of armour.
You have claws for hands.
Your natural rate of healing is unusually fast.
You are covered in fur. (AC +1)
You have extremely tough skin. (AC +3)


Message History

You scratch the goblin.
The goblin is severely wounded.
The goblin hits you but does no damage. Robin hits you with a +0 dagger.
The goblin hits you.
The hobgoblin hits you but does no damage.
The goblin hits you but does no damage.
The hobgoblin hits you but does no damage.
You barely miss the goblin. The goblin hits you but does no damage.
Robin barely misses you. The goblin barely misses you. The hobgoblin hits you.
* * * LOW HITPOINT WARNING * * *
The goblin hits you with a +0 dagger.
* * * LOW HITPOINT WARNING * * *
The hobgoblin hits you.
* * * LOW HITPOINT WARNING * * *
You claw the goblin!
You kill the goblin!
The goblin hits you.
* * * LOW HITPOINT WARNING * * *
Robin hits you but does no damage. The goblin hits you.
You die...

#####...#.)#.# #.
#...#<.#.#
####.######...##.#.#
..........#......#.#
..........#..#####.#
..........#..# #.#
.......g..#..# #.#
......ggg.#..#####.#
.?....g@g.#........#
.....##)####.#######
... #..# #.# .
##.###.# #..##.#
########.##.#####
................#
#########.#.###.#
#...#


You could see Robin, 3 hobgoblins and 2 goblins.

Vanquished Creatures
  A dart slug (D:1)
  2 leopard geckos
  An orc (D:2)
  3 giant cockroaches
  9 goblins
  2 hobgoblins
  4 jackals (D:2)
  A quokka (D:2)
  5 bats
  A frilled lizard (D:1)
  11 kobolds
  3 rats (D:1)
43 creatures vanquished.

Vanquished Creatures (others)
  2 withered plants (D:2)
2 creatures vanquished.

Grand Total: 45 creatures vanquished

Notes
Turn   | Place    | Note
-------+----------+-------------------------------------------
     0 | D:1      | goldendragon the Troll Monk began the quest for the Orb.
     0 | D:1      | Reached XP level 1. HP: 22/22 MP: 0/0
   155 | D:1      | Reached XP level 2. HP: 29/29 MP: 1/1
   837 | D:1      | Reached XP level 3. HP: 35/36 MP: 2/2
   888 | D:2      | Found a sparkling altar of Nemelex Xobeh.
  1025 | D:2      | Found an ancient bone altar of Kikubaaqudgha.
  1515 | D:2      | Noticed Robin
  1527 | D:2      | HP: 1/36 [goblin[Robin] (1)]
  1527 | D:2      | Slain by a goblin

Illustrated notes

Levels and vault maps discovered:
D:1:      mushboom_english_gardens, layout_basic, st_stairs_7
D:2:      layout_basic, lemuel_round_altar, kiku_gazebo_garden_becter,
          due_unseen_surprise, uniq_robin

Action                   || total
-------------------------++-------
Melee: Unarmed           ||   117
       Punch             ||     1
  Use: Scroll            ||     1
Armor: Robe              ||    72
Dodge: Dodged            ||    78
